 Dungeon Crawl Stone Soup version 0.26-a0-1132-ge9770dfcb6 (webtiles) character file.

Game seed: 11339583205025881660

356398 HoaS the Hoplite (level 22, -48/142 HPs)
             Began as a Gargoyle Fighter on Dec 20, 2020.
             Was the Champion of Makhleb.
             Annihilated by a titanic slime creature (62 damage)
             ... summoned by a boggart
             ... on level 1 of the Depths.
             The game lasted 02:18:30 (38297 turns).

HoaS the Hoplite (Gargoyle Fighter)                Turns: 38297, Time: 02:18:30

Health: -48/142    AC: 54    Str: 24    XL:     22   Next: 34%
Magic:  22/22      EV: 24    Int: 14    God:    Makhleb [******]
Gold:   2522       SH: 35    Dex: 26    Spells: 21/21 levels left

rFire    + . .     SeeInvis .   Q - +5 demon whip "Fizoint" {freeze, Will+}
rCold    + + .     Faith    .   K - +3 tower shield
rNeg     + + .     Spirit   .   P - +10 chain mail "Weirakk" {-Cast rC+ rN+ Dex+6}
rPois    ∞         Reflect  +   h - +2 hat {Int+3}
rElec    +         Harm     .   y - scarf {rC+ rF+}
rCorr    .         Rampage  .   o - +2 pair of gloves
Will     ++...     NoCast   +   w - +2 pair of boots
Stlth    ..........             S - amulet of reflection
HPRegen  0.33/turn              i - +4 ring of evasion
MPRegen  0.18/turn              c - ring of Gown {AC+4 Dex+7}

@: flying
A: big wings, negative energy resistance 1, electricity resistance, unbreathing,
petrification resistance, miasma immunity, AC +16
}: 2/15 runes: serpentine, barnacled
a: Stop Flying, Renounce Religion, Minor Destruction, Lesser Servant of Makhleb,
Major Destruction, Greater Servant of Makhleb


You were on level 1 of the Depths.
You worshipped Makhleb.
Makhleb was exalted by your worship.
You visited 8 branches of the dungeon, and saw 37 of its levels.
You also visited: Ossuary and Ice Cave.

You collected 4109 gold pieces.
You spent 1587 gold pieces at shops.

Inventory:

Hand Weapons
 Q - the +5 demon whip "Fizoint" (weapon) {freeze, Will+}
   (You found it in an ice cave)

   It has been specially enchanted to freeze those struck by it, causing extra
   injury to most foes and up to half again as much damage against particularly
   susceptible opponents.
   It can also slow down cold-blooded creatures.
   It affects your willpower, your defense against some magical effects.
Armour
 h - a +2 hat of intelligence (worn)
 o - a +2 pair of gloves (worn)
 w - a +2 pair of boots (worn)
 y - a scarf of resistance (worn)
 K - a +3 tower shield (worn)
 P - the +10 chain mail "Weirakk" (worn) {-Cast rC+ rN+ Dex+6}
   (You found it on level 2 of the Shoals)

   It affects your dexterity (+6).
   It protects you from cold.
   It protects you from negative energy.
   It prevents spellcasting.
Jewellery
 c - the ring of Gown (right hand) {AC+4 Dex+7}
   (You found it on level 1 of the Shoals)

   [ring of protection]

   It affects your AC (+4).
   It affects your dexterity (+7).
 d - a +6 ring of dexterity
 i - a +4 ring of evasion (left hand)
 p - an uncursed ring of stealth
 q - an uncursed ring of protection from fire
 A - an uncursed ring of willpower
 F - an uncursed ring of positive energy
 G - an uncursed ring of protection from cold
 H - an uncursed ring of resist corrosion
 L - a +4 ring of protection
 O - an uncursed ring of fire
 S - an amulet of reflection (around neck)
Wands
 v - a wand of digging (3)
Scrolls
 a - 7 scrolls of magic mapping
 e - 4 scrolls of blinking
 f - 4 scrolls of fog
 g - 18 scrolls of remove curse
 k - 17 scrolls of identify
 n - 3 scrolls of fear
 t - 11 scrolls of teleportation
 B - 9 scrolls of enchant weapon
 M - a scroll of brand weapon
Potions
 b - 4 potions of berserk rage
 j - 3 potions of haste
 l - 8 potions of heal wounds
 m - 13 potions of attraction
 r - 7 potions of invisibility
 s - 16 potions of curing
 u - 6 potions of lignification
 x - 4 potions of resistance
 z - 3 potions of might
 C - 5 potions of mutation
 R - a potion of ambrosia


   Skills:
 - Level 16.0 Fighting
 - Level 16.0 Maces & Flails
 - Level 16.0 Armour
 + Level 13.4 Dodging
 - Level 25.0 Shields


You had 21 spell levels left.
You didn't know any spells.
Your spell library contained the following spells:

 Spells                   Type           Power        Failure   Level
 Animate Skeleton         Necr           0%           75%         1
 Corona                   Hex            0%           75%         1
 Magic Dart               Conj           0%           75%         1
 Sandblast                Erth           0%           75%         1
 Shock                    Conj/Air       0%           75%         1
 Sting                    Tmut/Pois      0%           75%         1
 Blink                    Tloc           N/A          86%         2
 Call Imp                 Summ           0%           86%         2
 Passwall                 Tmut/Erth      0%           86%         2
 Poisonous Vapours        Pois/Air       0%           86%         2
 Searing Ray              Conj           0%           86%         2
 Slow                     Hex            0%           86%         2
 Swiftness                Air            0%           86%         2
 Conjure Flame            Conj/Fire      0%           98%         3
 Dazzling Flash           Conj/Hex       0%           98%         3
 Gell's Gravitas          Tloc           0%           98%         3
 Ignite Poison            Fire/Tmut/Pois 0%           98%         3
 Inner Flame              Hex/Fire       0%           98%         3
 Mephitic Cloud           Conj/Pois/Air  0%           98%         3
 Portal Projectile        Hex/Tloc       0%           98%         3
 Static Discharge         Conj/Air       0%           98%         3
 Stone Arrow              Conj/Erth      0%           98%         3
 Vampiric Draining        Necr           0%           98%         3
 Airstrike                Air            0%           100%        4
 Animate Dead             Necr           0%           100%        4
 Cause Fear               Hex            0%           100%        4
 Dispel Undead            Necr           0%           100%        4
 Fulminant Prism          Conj/Hex       0%           100%        4
 Iskenderun's Mystic Bla  Conj/Tloc      0%           100%        4
 Leda's Liquefaction      Hex/Erth       0%           100%        4
 Olgreb's Toxic Radiance  Pois           0%           100%        4
 Petrify                  Tmut/Erth      0%           100%        4
 Borgnjor's Vile Clutch   Necr/Erth      0%           100%        5
 Irradiate                Conj/Tmut      0%           100%        5
 Lee's Rapid Deconstruct  Erth           0%           100%        5
 Lightning Bolt           Conj/Air       0%           100%        5
 Summon Demon             Summ           0%           100%        5
 Summon Forest            Summ/Tloc      0%           100%        5
 Summon Mana Viper        Hex/Summ       0%           100%        5
 Death Channel            Necr           0%           100%        6
 Dispersal                Tloc           0%           100%        6
 Hydra Form               Tmut           0%           100%        6
 Shadow Creatures         Summ           N/A          100%        6
 Simulacrum               Ice/Necr       0%           100%        6
 Dragon Form              Tmut           0%           100%        7
 Summon Hydra             Summ           0%           100%        7
 Disjunction              Tloc           0%           100%        8
 Statue Form              Tmut/Erth      Unusable     N/A         6

Dungeon Overview and Level Annotations

Branches:
Dungeon (15/15)            Temple (1/1) D:5            Lair (6/6) D:8
 Shoals (4/4) Lair:2        Snake (4/4) Lair:3        Slime (0/5) Lair:6
    Orc (2/2) D:11            Elf (0/3) Orc:2        Vaults (4/5) D:13
  Crypt (0/3) Vaults:2     Depths (1/5) D:15        Ossuary (visited)
  IceCv (visited)

Altars:
Ashenzari
Cheibriados
Dithmenos
Elyvilon
Fedhas
Gozag
Hepliaklqana
Kikubaaqudgha
Makhleb
Nemelex Xobeh
Okawaru
Qazlal
Ru
Sif Muna
Trog
Uskayaw
Vehumet
Wu Jian
Xom
Yredelemnul
Zin
The Shining One
Beogh

Shops:
D:5 *   D:6 (   D:11 *   Orc:2 [(}[   Shoals:4 (   Vaults:1 [[(   Vaults:2 ((?(
Vaults:3 [   Vaults:4 :*

Portals:
Trove: D:12 (give horn of Geryon)

Annotations:
D:15 3 runed translucent doors, Paunoss's ghost, journeyman DDFi


Innate Abilities, Weirdness & Mutations

You are resistant to torment.
Your stone body is resilient. (AC +16)
You are immune to poison.
Your large and strong wings let you fly indefinitely.
You resist negative energy. (rN+)
You are resistant to electric shocks. (rElec)
You can survive without breathing.
You are immune to petrification.
You are immune to miasma.


Message History

You block the deep troll's attack. x3
The titanic slime creature barely misses you.
You whack the titanic slime creature! You freeze the titanic slime creature.
The titanic slime creature is almost dead.
The cyan ugly thing basks in the mutagenic energy from its kin and changes!
You whack the titanic slime creature! You freeze the titanic slime creature.
The titanic slime creature is almost dead.
You block the deep troll's attack. x2; The deep troll closely misses you.
The cyan ugly thing basks in the mutagenic energy from its kin and changes!
The titanic slime creature hits you!!!
* * * LOW HITPOINT WARNING * * *
The two-headed ogre barely misses you. x2
You thrash the titanic slime creature!! You freeze the titanic slime creature.
The titanic slime creature is almost dead.
You block the cyan ugly thing's attack.
You hit the titanic slime creature. You freeze the titanic slime creature.
The titanic slime creature is almost dead.
You block the deep troll's attack. The deep troll misses you.
You block the deep troll's attack. The titanic slime creature hits you!!!
You die...

##...#####[.....#.##
........##..[u.u....
......#.###†.u.uu###
..........))).u.....
#
.#####.###..##..###
#++#?.#..# #.g## .#
)...#.##.# ##uu# # .
.....###.#
#uT####.#...
[....'...#
##uT@uu....#
.....'..##
#.uJO.....#
.....####
##))......# ....#.#
....####..# #++#..#
#..#.# .# ####
#...#.# # #...#..
...###.. ..#. ..


You could see 6 ugly things, a titanic slime creature (summoned), a two-headed
ogre and 2 deep trolls.

Vanquished Creatures
  Margery (Vaults:3)
  Bai Suzhen (Shoals:4)
  Jory (Vaults:3)
  Rupert (Lair:4)
  2 Ice Fiends (IceCv)
  2 liches
  Polyphemus (Shoals:2)
  2 sphinxes (Vaults:4)
  2 tengu reavers
  Roxanne (Shoals:2)
  4 nagarajas
  5 vault wardens
  4 frost giants
  An orc warlord (Orc:1)
  Louise (Shoals:3)
  2 ghouls
  5 stone giants
  9 very ugly things
  13 ironheart preservers
  Nessos (D:14)
  2 deep elf demonologists (Vaults:1)
  Snorg (D:11)
  An ettin (shapeshifter) (Vaults:4)
  9 merfolk javelineers
  8 merfolk impalers
  7 fire dragons
  4 ettins
  16 ogre magi
  3 great orbs of eyes
  11 yaktaur captains
  18 naga warriors
  6 vault guards
  4 ice dragons
  4 boulder beetles
  A rakshasa (Vaults:1)
  2 merfolk avatars
  9 hydras
  2 alligator snapping turtles (Shoals:4)
  6 anacondas
  A catoblepas (Shoals:1)
  Erica (D:9)
  10 centaur warriors
  5 merfolk aquamancers
  3 death knights
  A satyr (Shoals:4)
  13 death yaks
  47 two-headed ogres
  A tengu warrior (D:10)
  A deep troll earth mage (Depths:1)
  19 naga sharpshooters
  Sonja (Lair:2)
  A spriggan berserker (Depths:1)
  3 hell knights (Vaults:3)
  3 deep elf knights
  2 shadow wraiths (Vaults:4)
  2 salamander mystics
  29 skeletal warriors
  A storm dragon skeleton (Vaults:2)
  2 glowing orange brains
  2 wizards
  2 deep trolls (Depths:1)
  6 naga ritualists
  An orange crystal statue (Shoals:1)
  9 sea snakes
  4 unseen horrors
  A kraken simulacrum (Shoals:4)
  4 deep elf archers
  19 harpies
  11 ironbrand convokers
  A phantasmal warrior (Vaults:2)
  A swamp dragon (Lair:6)
  2 necromancers
  A wolf spider zombie (D:14)
  6 mana vipers
  5 orc knights
  11 fauns
  36 ugly things
  13 manticores
  8 wolf spiders
  2 tengu skeletons (Vaults:2)
  22 deep elf magi
  An oklob plant (Lair:1)
  12 cyclopes
  A human zombie (Vaults:1)
  2 orc sorcerers
  15 elephants
  10 salamanders
  A faun (shapeshifter) (Vaults:2)
  9 merfolk sirens
  12 vault sentinels
  36 black mambas
  3 sphinx skeletons
  4 water nymphs
  26 naga magi
  2 torpor snails
  2 ice statues (IceCv)
  3 guardian serpents
  4 cane toads
  3 centaur zombies (D:14)
  2 human skeletons (Vaults:2)
  A guardian serpent (shapeshifter) (Vaults:4)
  2 gargoyles (D:14)
  5 rime drakes
  9 komodo dragons
  An efreet (D:14)
  2 kobold demonologists
  13 ice devils (IceCv)
  A komodo dragon (shapeshifter) (D:15)
  31 yaktaurs
  2 yaktaur skeletons (Vaults:2)
  3 freezing wraiths
  7 trolls
  2 polar bears
  31 merfolk
  A shadow dragon simulacrum (Vaults:3)
  8 wind drakes
  A blink frog (shapeshifter) (Vaults:2)
  12 slime creatures
  2 polar bears (shapeshifter)
  9 hornets
  2 raiju (shapeshifter) (Vaults:3)
  13 snapping turtles
  9 dream sheep
  A stone giant simulacrum (Vaults:1)
  2 ettin skeletons (Vaults:2)
  2 shadows
  9 water elementals
  6 wraiths
  26 yaks
  2 vampires
  2 spriggans (Lair:3)
  7 wyverns
  8 basilisks
  A wyvern (shapeshifter) (Vaults:4)
  A yak (shapeshifter) (Vaults:3)
  3 steam dragons
  Grum (Lair:1)
  2 wargs
  58 nagas
  7 vampire mosquitoes (D:13)
  3 soldier ants
  4 acid dragons
  11 water moccasins
  36 orc warriors
  A deep troll skeleton (Vaults:2)
  3 sky beasts
  2 swamp drakes (Lair:6)
  4 ice beasts
  5 black bears
  2 eyes of draining
  2 phantoms
  21 wolves
  4 boggarts (Depths:1)
  2 ettin simulacra
  40 ogres
  39 centaurs
  17 big kobolds
  26 bullfrogs
  A wyvern zombie (D:4)
  5 scorpions
  A water moccasin zombie (D:8)
  4 killer bees (D:10)
  12 wights
  4 electric eels (Snake:1)
  7 howler monkeys
  A quasit (D:14)
  4 jellies
  12 centaur skeletons
  6 hounds
  2 bullfrog skeletons (D:5)
  2 bullfrog zombies (D:10)
  A gnoll shaman (D:8)
  24 orc priests
  26 orc wizards
  5 iguanas
  11 worker ants
  A big kobold zombie (Ossuary)
  2 hound skeletons
  9 mummies
  5 gnolls (D:8)
  19 adders
  3 shadow imps
  7 white imps
  8 ufetubi
  2 oozes
  2 adder zombies
  3 adder skeletons
  A worm (D:4)
  3 dart slugs
  2 leopard geckos
  108 orcs
  6 bats
  11 giant cockroaches
  10 goblins
  9 hobgoblins
  11 jackals
  27 kobolds
  A quokka (D:4)
  2 ball pythons
  3 frilled lizards
  2 goblin zombies (D:5)
  2 hobgoblin zombies (Ossuary)
  2 kobold zombies (Ossuary)
  A leopard gecko skeleton (D:7)
  3 orc zombies (Ossuary)
  12 rats
  A tentacle (Shoals:4)
1567 creatures vanquished.

Vanquished Creatures (collateral kills)
  An ugly thing (D:10)
  Joseph (D:10)
  A bullfrog (Lair:4)
  A bullfrog zombie (D:10)
4 creatures vanquished.

Vanquished Creatures (others)
  An ironheart preserver (Vaults:1)
  A rakshasa (Depths:1)
  A merfolk aquamancer (Shoals:1)
  A deep troll earth mage (Depths:1)
  A vault sentinel (Vaults:4)
  A naga (Snake:4)
  4 white imps (IceCv)
  2 ufetubi (IceCv)
  40 fungi
  150 plants
  3 tentacles (Shoals:4)
205 creatures vanquished.

Grand Total: 1776 creatures vanquished

Notes
Turn   | Place    | Note
-------+----------+-------------------------------------------
     0 | D:1      | HoaS the Gargoyle Fighter began the quest for the Orb.
     0 | D:1      | Reached XP level 1. HP: 14/14 MP: 1/1
   234 | D:1      | Reached XP level 2. HP: 17/19 MP: 2/2
   564 | D:1      | Reached XP level 3. HP: 23/23 MP: 3/3
   893 | D:2      | Reached skill level 4 in Shields
   949 | D:2      | Reached XP level 4. HP: 25/28 MP: 4/4
  1390 | D:3      | Reached XP level 5. HP: 32/32 MP: 5/5
  1801 | D:4      | Reached skill level 5 in Maces & Flails
  2028 | D:4      | Reached XP level 6. HP: 37/37 MP: 6/6
  2031 | D:4      | Reached skill level 5 in Shields
  2319 | D:4      | Reached XP level 7. HP: 40/41 MP: 7/7
  2445 | D:4      | Found an ornate altar of the Wu Jian Council.
  2535 | D:5      | Entered Level 5 of the Dungeon
  2557 | D:5      | Found a sand-covered staircase.
  2565 | Ossuary  | Entered an ossuary
  3101 | D:5      | Reached skill level 6 in Shields
  3474 | D:5      | Found a broken altar of Ashenzari.
  3478 | D:5      | Saw a vision of the Shoals and the Snake Pit.
  3478 | D:5      | Noticed a merfolk
  3478 | D:5      | Noticed a merfolk
  3478 | D:5      | Noticed a black mamba
  3478 | D:5      | Noticed a naga mage
  3478 | D:5      | Noticed a nagaraja
  3478 | D:5      | Noticed a naga mage
  3478 | D:5      | Noticed a naga sharpshooter
  3478 | D:5      | Noticed a mana viper
  3478 | D:5      | Noticed a merfolk
  3478 | D:5      | Noticed a black mamba
  3479 | D:5      | Noticed a sea snake
  3479 | D:5      | Noticed a wind drake
  3479 | D:5      | Noticed a merfolk siren
  3480 | D:5      | Noticed a naga
  3769 | D:5      | Found Isaeha's General Store.
  3799 | D:5      | Reached XP level 8. HP: 42/46 MP: 8/8
  3917 | D:5      | Found a staircase to the Ecumenical Temple.
  4169 | Temple   | Entered the Ecumenical Temple
  4324 | Temple   | Became a worshipper of Makhleb the Destroyer
  4757 | D:6      | Found Lacutt's Antique Weapon Shop.
  4762 | D:6      | Bought a runed morningstar for 161 gold pieces
  5232 | D:7      | Reached skill level 7 in Shields
  5582 | D:7      | Reached XP level 9. HP: 51/51 MP: 9/9
  5825 | D:8      | Reached skill level 8 in Shields
  5894 | D:8      | Reached * piety under Makhleb
  5979 | D:8      | Reached skill level 10 in Maces & Flails
  6053 | D:8      | Got a pair of steaming boots
  6054 | D:8      | Identified the +0 pair of boots "Rokes" {Rampage rElec
                  | Int+4} (You found it on level 8 of the Dungeon)
  6118 | D:8      | Found a sacrificial altar of Ru.
  6128 | D:8      | Found a staircase to the Lair.
  6129 | D:8      | Noticed a komodo dragon
  6165 | D:8      | Killed a komodo dragon
  6592 | D:9      | Reached skill level 9 in Shields
  6609 | D:9      | Reached XP level 10. HP: 56/56 MP: 10/10
  6653 | D:9      | Found the +2 ratskin cloak {*Rats rPois rN+ Str-1 Int-1
                  | Dex+1}
  6714 | D:9      | Reached ** piety under Makhleb
  6724 | D:9      | Noticed a kobold demonologist
  6762 | D:9      | Noticed a sixfirhy
  6768 | D:9      | Killed a kobold demonologist
  6782 | D:9      | Reached skill level 10 in Shields
  6886 | D:9      | Noticed Erica
  6889 | D:9      | Found a burning altar of Makhleb.
  6917 | D:9      | Killed Erica
  7008 | D:9      | Found a roughly hewn altar of Beogh.
  7216 | D:10     | Entered Level 10 of the Dungeon
  7224 | D:10     | Noticed a two-headed ogre
  7233 | D:10     | Killed a two-headed ogre
  7233 | D:10     | Reached *** piety under Makhleb
  7234 | D:10     | Reached XP level 11. HP: 60/60 MP: 11/11
  7282 | D:10     | Reached skill level 11 in Shields
  7301 | D:10     | Noticed an eight-headed hydra
  7316 | D:10     | Noticed a tengu warrior
  7319 | D:10     | Killed an eight-headed hydra
  7322 | D:10     | Noticed a manticore
  7355 | D:10     | Killed a tengu warrior
  7372 | D:10     | Killed a manticore
  7554 | D:10     | Reached **** piety under Makhleb
  7720 | D:10     | Noticed Joseph
  7733 | D:10     | Killed Joseph
  7939 | D:10     | Noticed a brown ugly thing
  7956 | D:10     | Killed a brown ugly thing
  8083 | D:10     | Identified Hairpha's Tome of Unholy Intoxication
  8146 | D:10     | Reached skill level 12 in Shields
  8190 | Lair:1   | Entered Level 1 of the Lair of Beasts
  8199 | Lair:1   | Noticed Grum
  8262 | Lair:1   | Killed Grum
  8355 | Lair:1   | Reached XP level 12. HP: 64/64 MP: 12/12
  8420 | Lair:1   | Reached skill level 15 in Maces & Flails
  9427 | Lair:2   | Found a staircase to the Shoals.
  9438 | Lair:2   | Noticed an eight-headed hydra
  9447 | Lair:2   | Killed an eight-headed hydra
  9679 | Lair:2   | Noticed a death yak
  9679 | Lair:2   | Noticed a death yak
  9693 | Lair:2   | Noticed a death yak
  9715 | Lair:1   | Killed a death yak
  9717 | Lair:2   | Noticed a death yak
  9732 | Lair:1   | Killed a death yak
  9734 | Lair:2   | Noticed a death yak
  9734 | Lair:2   | Noticed a death yak
  9752 | Lair:1   | Killed a death yak
  9772 | Lair:1   | Killed a death yak
  9773 | Lair:1   | Reached skill level 13 in Shields
  9780 | Lair:1   | Killed a death yak
  9813 | Lair:2   | Killed a death yak
  9813 | Lair:2   | Reached ***** piety under Makhleb
 10057 | Lair:2   | Noticed a fire dragon
 10078 | Lair:2   | Killed a fire dragon
 10218 | Lair:2   | Noticed Sonja
 10238 | Lair:2   | Killed Sonja
 10448 | Lair:3   | Noticed a seven-headed hydra
 10490 | Lair:2   | Killed a seven-headed hydra
 10491 | Lair:2   | Reached skill level 14 in Shields
 10562 | Lair:3   | Found a staircase to the Snake Pit.
 10569 | Lair:3   | Reached XP level 13. HP: 68/68 MP: 13/13
 11096 | Lair:4   | Reached skill level 15 in Shields
 11154 | Lair:4   | Reached skill level 1 in Dodging
 11241 | Lair:4   | Reached skill level 5 in Fighting
 11514 | Lair:4   | Noticed Rupert
 11516 | Lair:4   | Paralysed by Rupert for 7 turns
 11676 | Lair:4   | Reached skill level 5 in Armour
 11751 | Lair:4   | Found a sparkling altar of Nemelex Xobeh.
 11878 | Lair:4   | Killed Rupert
 13194 | Lair:6   | Entered Level 6 of the Lair of Beasts
 13222 | Lair:5   | Gained mutation: Your large and strong wings let you fly
                  | indefinitely. [Gargoyle growth]
 13222 | Lair:5   | Reached XP level 14. HP: 71/84 MP: 14/14
 13547 | Lair:6   | Found a staircase to the Slime Pits.
 13605 | Lair:6   | Found a basalt altar of Yredelemnul.
 14144 | Lair:6   | Reached ****** piety under Makhleb
 14149 | Lair:6   | Reached skill level 10 in Fighting
 14600 | D:11     | Reached skill level 5 in Dodging
 14662 | D:11     | Found Alior Xiu's General Store.
 14965 | D:11     | Found a staircase to the Orcish Mines.
 15029 | D:11     | Noticed Snorg
 15048 | D:11     | Killed Snorg
 15698 | D:12     | Found a portal to a secret trove of treasure.
 16275 | Orc:1    | Entered Level 1 of the Orcish Mines
 16658 | Orc:2    | Entered Level 2 of the Orcish Mines
 16658 | Orc:2    | Found a staircase to the Elven Halls.
 16930 | Orc:2    | Found a roughly hewn altar of Beogh.
 16993 | Orc:2    | Reached XP level 15. HP: 96/96 MP: 15/15
 17160 | Orc:2    | Found a roughly hewn altar of Beogh.
 17268 | Orc:2    | Found a roughly hewn altar of Beogh.
 17269 | Orc:2    | Found Futiw's Armour Shop.
 17346 | Orc:2    | Noticed an orc warlord
 17672 | Orc:1    | Killed an orc warlord
 17715 | Orc:2    | Found Qipon's Antique Armour Shop.
 17716 | Orc:2    | Found a roughly hewn altar of Beogh.
 17717 | Orc:2    | Found Zevuts's Antique Weapon Boutique.
 17784 | Orc:2    | Found a roughly hewn altar of Beogh.
 17815 | Orc:2    | Found Summas's Gadget Emporium.
 17936 | Orc:2    | Bought a +2 plate armour of cold resistance for 480 gold
                  | pieces
 18373 | D:13     | You are sucked into a shaft and drop 2 floors!
 18373 | D:15     | Entered Level 15 of the Dungeon
 18432 | D:15     | Paralysed by an ogre mage for 5 turns
 18561 | D:15     | Reached skill level 10 in Armour
 19327 | D:13     | Found a gate to the Vaults.
 19768 | D:14     | Noticed Nessos
 19788 | D:14     | Killed Nessos
 19857 | D:14     | Reached XP level 16. HP: 106/106 MP: 16/16
 20423 | D:15     | Found a runed translucent gate.
 20423 | D:15     | Found a runed translucent gate.
 20423 | D:15     | Found a runed translucent gate.
 20627 | D:15     | Found a staircase to the Depths.
 20670 | D:15     | Reached skill level 15 in Fighting
 20716 | D:15     | Found a sacrificial altar of Ru.
 21072 | D:15     | Found a runed translucent gate.
 21072 | D:15     | Found a runed translucent gate.
 21078 | D:15     | Found a runed translucent gate.
 21078 | D:15     | Noticed Paunoss's ghost (journeyman DDFi)
 21309 | Snake:1  | Entered Level 1 of the Snake Pit
 22662 | Snake:2  | Reached XP level 17. HP: 115/115 MP: 17/17
 23378 | Snake:3  | Reached skill level 10 in Dodging
 23656 | Snake:4  | Entered Level 4 of the Snake Pit
 24018 | Snake:4  | Reached skill level 16 in Shields
 24652 | Snake:4  | Reached skill level 17 in Shields
 24908 | Snake:4  | Reached XP level 18. HP: 120/120 MP: 18/18
 25021 | Snake:4  | Got a serpentine rune of Zot
 25177 | Snake:4  | Reached skill level 18 in Shields
 25686 | Shoals:1 | Entered Level 1 of the Shoals
 26092 | Shoals:1 | Got a scintillating tin ring
 26093 | Shoals:1 | Identified the ring of Gown {AC+4 Dex+7} (You found it on
                  | level 1 of the Shoals)
 26863 | Shoals:2 | Noticed Polyphemus
 26923 | Shoals:1 | Reached skill level 19 in Shields
 26948 | Shoals:2 | Killed Polyphemus
 27189 | Shoals:2 | Noticed Roxanne
 27227 | Shoals:2 | Killed Roxanne
 27310 | Shoals:2 | Got a turquoise-encrusted chain mail
 27311 | Shoals:2 | Identified the +10 chain mail "Weirakk" {-Cast rC+ rN+
                  | Dex+6} (You found it on level 2 of the Shoals)
 27888 | Shoals:3 | Found a frozen archway.
 27952 | IceCv    | Entered an ice cave
 28029 | IceCv    | Reached skill level 20 in Shields
 28237 | IceCv    | Noticed an Ice Fiend
 28238 | IceCv    | Noticed an Ice Fiend
 28257 | IceCv    | Killed an Ice Fiend
 28266 | IceCv    | Killed an Ice Fiend
 28335 | IceCv    | Got a masterwork demon whip
 28336 | IceCv    | Identified the +5 demon whip "Fizoint" {freeze, Will+} (You
                  | found it in an ice cave)
 28760 | Shoals:3 | Reached XP level 19. HP: 125/125 MP: 19/19
 29254 | Shoals:4 | Entered Level 4 of the Shoals
 29254 | Shoals:4 | Noticed Louise
 29321 | Shoals:3 | Killed Louise
 29349 | Shoals:4 | Found Radghir's Weapon Shoppe.
 29384 | Shoals:4 | Reached skill level 21 in Shields
 30199 | Shoals:4 | Reached skill level 22 in Shields
 30273 | Shoals:4 | Got a barnacled rune of Zot
 30281 | Shoals:4 | Noticed Bai Suzhen
 30317 | Shoals:4 | Killed Bai Suzhen
 30898 | Vaults:1 | Entered Level 1 of the Vaults
 31001 | D:14     | Got a shimmering ring mail
 31002 | D:14     | Identified the +2 ring mail of Kikubaaqudgha's Hope {Int+5}
                  | (You found it on level 14 of the Dungeon)
 31061 | D:15     | Got a jewelled ring mail
 31062 | D:15     | Identified the cursed +0 ring mail of Tiveomie {rC++ rCorr
                  | Dex+2 Slay-4} (You found it on level 15 of the Dungeon)
 31617 | Vaults:1 | Found Ziburgh's Armour Shoppe.
 31633 | Vaults:1 | Found Cocas's Armour Shop.
 31783 | Vaults:1 | Reached skill level 23 in Shields
 31809 | Vaults:1 | Reached XP level 20. HP: 131/131 MP: 20/20
 32401 | Vaults:1 | Found Oblupo's Antique Weapon Shop.
 32855 | Vaults:2 | Reached skill level 24 in Shields
 32860 | Vaults:2 | Found Foorul's Magic Scroll Shoppe.
 32880 | Vaults:2 | Bought a scroll of enchant armour for 150 gold pieces
 32880 | Vaults:2 | Bought 2 scrolls of enchant weapon for 300 gold pieces
 32880 | Vaults:2 | Bought a scroll of enchant armour for 150 gold pieces
 33115 | Vaults:2 | Found Asucotha's Weapon Shop.
 33651 | Vaults:2 | Found Sanok's Weapon Shop.
 33788 | Vaults:2 | Found Qamuta's Weapon Boutique.
 33865 | Vaults:2 | Reached skill level 25 in Shields
 34353 | Vaults:2 | Reached XP level 21. HP: 136/136 MP: 21/21
 34439 | Vaults:2 | Found a staircase to the Crypt.
 34783 | Vaults:3 | Noticed Margery
 34814 | Vaults:3 | Killed Margery
 35109 | Vaults:3 | Paralysed by a great orb of eyes for 7 turns
 35693 | Vaults:3 | Noticed Jory
 35745 | Vaults:3 | Killed Jory
 35989 | Vaults:3 | Reached skill level 15 in Armour
 36041 | Vaults:3 | Found Baymagol's Armour Shoppe.
 36150 | Vaults:4 | Found Jahale's Assorted Antiques.
 36167 | Vaults:4 | Bought a scroll of teleportation for 99 gold pieces
 36167 | Vaults:4 | Bought a scroll of blinking for 247 gold pieces
 36225 | Vaults:4 | Paralysed by a sphinx for 2 turns
 36469 | Vaults:4 | Reached XP level 22. HP: 106/142 MP: 22/22
 36735 | Vaults:4 | Found Waguttiy's Book Emporium.
 37631 | Depths:1 | Entered Level 1 of the Depths
 38297 | Depths:1 | Annihilated by a titanic slime creature

Illustrated notes

Levels and vault maps discovered:
D:1:      dpeg_arrival_pond, layout_loops_cross,
          wander_ebering_terrifying_dragon_lair
D:2:      layout_rooms
D:3:      layout_rooms
D:4:      layout_basic, general_overflow_altar
D:5:      layout_layer_cave, minmay_temple_entry_fiery, serial_shops, shop,
          nicolae_ossuary_entry_giza, kennysheep_pointless_box,
          grunt_ashenzari_visionary [grunt_ashenzari_visionary_shoals,
          grunt_ashenzari_visionary_snake]
D:6:      layout_loops_ring, serial_shops, shop, minmay_misc_feat_cross,
          roderic_serpentine_path
D:7:      layout_rooms, kennysheep_generic_room_16
D:8:      layout_basic, david_lair_shrubbed, basic_altar,
          hangedman_decor_peaks_small
D:9:      layout_roguey [special_room_kobold], basic_altar,
          small_statue_intersection, david_defended_altar_orc, uniq_erica
D:10:     minmay_the_grid_four_pointed_star
          [minmay_the_grid_triangle_9x9_pentomino_pain,
          minmay_the_grid_triangle_9x9_from_above,
          minmay_the_grid_triangle_9x9_warning,
          minmay_the_grid_triangle_9x9_cache,
          minmay_the_grid_prize_four_corners_diamond_a], layout_gridville,
          uniq_joseph
D:11:     layout_grid_maze, orc_0_dummy, serial_shops, shop, uniq_snorg
D:12:     layout_roguey, enter_trove_1
D:13:     layout_layer_cave, david_vaults_1
D:14:     layout_roguey, small_statue_intersection, hangedman_corner_corridor,
          uniq_nessos
D:15:     grunt_enter_depths_magical_seal, layout_cave_pools,
          ploomutoo_gammafunk_ghost_potion_laboratory,
          nicolae_ru_the_path_less_chosen
Temple:   kilobyte_greek_temple
Lair:1:   layout_layer_cave, beast_lair_carwin_1, minmay_lair_oklob_chamber,
          uniq_grum
Lair:2:   dragon1_lemuel, layout_gridlike, minmay_shoals_entry_centaurs,
          grunt_megastairs_4, infiniplex_staircase_pool, lemuel_fruit_tree,
          uniq_sonja
Lair:3:   layout_hall_layers, minmay_snake_entry_guardpost_small,
          small_statue_intersection, forest_entry_grove, grunt_megastairs_3,
          lemuel_fruit_fields
Lair:4:   minmay_lair_venomous_thicket, layout_regular_city,
          lemuel_centaur_altar, uniq_rupert
Lair:5:   layout_layer_cave, hibernation_bobbens, lemuel_fruit_fields,
          serial_bayou_shore_a, lemuel_fruit_fields
Lair:6:   guppyfry_lair_end_dragon, layout_gridlike, slime_dummy, basic_altar,
          nicolae_lair_grove_arrangements, grunt_megastairs_2
Shoals:1: layout_shoals, dpeg_stationary_puzzle
Shoals:2: layout_shoals, ldierk_geyser, uniq_roxanne, uniq_polyphemus
Shoals:3: layout_shoals, portal_ice_cave_entry_ugly_swarm, ldierk_geyser,
          hangedman_shoals_cup_caves
Shoals:4: shoals_end_grunt_ice, layout_shoals, serial_shops, nicolae_shop_stone,
          nicolae_shoals_isolated_beach, uniq_louise, uniq_bai_suzhen
Snake:1:  layout_layer_cave, serial_bayou_ford_a
Snake:2:  layout_misc_corridors, st_stairs_5, serial_bayou_shore_b
Snake:3:  layout_onion_interference
Snake:4:  snake_pit, layout_cave_town, grunt_ministairs_1, drop_trap,
          serial_bayou_shore_b
Orc:1:    layout_caves
Orc:2:    grunt_orc_community_town_hall, layout_caves,
          grunt_orc_community_big_house_1, grunt_orc_community_big_house_2,
          grunt_orc_community_house_2, grunt_orc_community_house_1,
          grunt_orc_community_house_3, grunt_orc_community_house_3,
          grunt_orc_community_house_3
Vaults:1: v_misc_14, ontoclasm_vaults_pinch, ontoclasm_vaults_fault,
          hangedman_vaults_restitches, grunt_vaults_hallway_long, st_lattice,
          nicolae_vaults_yaktaur_gun_rack, layout_vaults_omnigrid, serial_shops,
          shop_statue, nicolae_shop_waterfront, nicolae_shop_behind_doors
Vaults:2: ontoclasm_vaults_chip, vaults_mumra_minichess,
          nicolae_vaults_halls_meeting, minmay_crypt_entry_skeletal_spiral,
          v_rooms_4, ontoclasm_vaults_spin, ontoclasm_vaults_ring_square,
          v_misc_5, nicolae_vaults_theta, v_misc_15, vaults_dpeg_encased_lava,
          hangedman_vaults_restitches, v_misc_8,
          nicolae_vaults_little_squares_4, layout_vaults_omnicross,
          serial_shops, shop, nicolae_shop_waterfront, nicolae_shop_trees,
          nicolae_shop_temple_entry_statues_fountains
Vaults:3: ontoclasm_vaults_shuriken, grunt_vaults_twisty,
          hangedman_vaults_locks, vaults_room_pools, v_misc_31, v_rooms_3,
          nicolae_vaults_little_squares_1, v_misc_11,
          nicolae_vaults_circle_grid_b, v_rooms_4, layout_vaults_ring,
          serial_shops, shop, uniq_margery, uniq_jory
Vaults:4: dpeg_vaults_monster_row, v_misc_14, grunt_vaults_funnel,
          nicolae_vaults_asterisk, v_misc_30, st_hourglassy,
          hangedman_vaults_nails, hangedman_vaults_snaps, v_pattern_5,
          layout_vaults_big_room, serial_shops, shop_fountains,
          nicolae_shop_stone
Depths:1: layout_basic, grunt_hell_entry_dis_mu, dk_noncrumbling_3,
          serial_sigils_hangedman_carve, corexii_hall_statues_l, st_stairs_4,
          moated_statue, nicolae_two_hexagons, serial_sigils_hangedman_gut,
          hangedman_abyss_or_decor_slice, minmay_misc_feat_alley,
          nrook_pool_corridor, minmay_misc_feat_columns, corner_web_ring,
          lightli_fourway_metalbox

Skill      XL: |  1  2  3  4  5  6  7  8  9 10 11 12 13 14 15 16 17 18 19 20 21 22 |
---------------+-------------------------------------------------------------------+-----
Maces & Flails | 3 4 5 6 7 9 11 13 14 16 | 16.0
Shields        | 4 5 6 7 9 10 12 14 15 17 20 23 25 | 25.0
Fighting       | 8 11 14 16 | 16.0
Dodging        | 3 6 7 9 10 12 13 | 13.4
Armour         | 6 8 10 12 13 15 16 | 16.0

Action                   |  1- 3 |  4- 6 |  7- 9 | 10-12 | 13-15 | 16-18 | 19-21 | 22-24 || total
-------------------------+-------+-------+-------+-------+-------+-------+-------+-------++-------
Melee: Flail             |   182 |   252 |     3 |       |       |       |       |       ||   437
       Morningstar       |       |       |   397 |   967 |  1965 |  2404 |       |       ||  5733
       Demon whip        |       |       |       |       |       |    87 |  2636 |   436 ||  3159
 Abil: Fly               |       |       |       |       |     1 |       |       |       ||     1
Evoke: Wand              |       |       |       |       |    22 |     1 |       |       ||    23
  Use: Scroll            |     6 |     2 |    15 |     2 |    13 |    12 |     7 |     2 ||    59
       Potion            |       |       |     1 |     4 |     4 |     3 |     3 |       ||    15
Armor: Scale mail        |   123 |    56 |       |       |       |       |       |       ||   179
       Chain mail        |       |    24 |    64 |       |       |   118 |   450 |    63 ||   719
       Plate armour      |       |       |   111 |   826 |   828 |   915 |       |       ||  2680
Dodge: Dodged            |    68 |   114 |    96 |   447 |   665 |  1082 |   568 |   158 ||  3198
       Repelled          |       |       |       |       |     7 |   106 |       |       ||   113
Block: Kite shield       |    85 |   126 |   202 |   785 |  1231 |   568 |       |       ||  2997
       Tower shield      |       |       |       |       |       |  1897 |  2424 |   583 ||  4904
       Reflection        |       |       |       |       |       |       |   144 |     8 ||   152

Table legend: (Time is in decaauts)
 A = Elapsed time spent in this place.
 B = Non-inter-level travel time spent in this place.
 C = Inter-level travel time spent in this place.
 D = Time resting spent in this place.
 E = Time spent auto-exploring this place.
 F = Levels seen in this place.
 G = Mean time per level.
                   A        B        C        D        E       F      G
               +--------+--------+--------+--------+--------+-----+--------+
         Total |  35684 |  32766 |   2918 |   1466 |  19946 |  39 |  915.0 |
       Dungeon |  12805 |  11583 |   1222 |    607 |   7274 |  15 |  853.7 |
        Temple |    185 |    133 |     52 |      0 |    131 |   1 |  185.0 |
          Lair |   6246 |   5692 |    554 |     70 |   4178 |   6 | 1041.0 |
        Shoals |   4125 |   3911 |    214 |    138 |   2257 |   4 | 1031.2 |
     Snake Pit |   3991 |   3833 |    158 |     46 |   2081 |   4 |  997.8 |
  Orcish Mines |   1577 |   1474 |    103 |    149 |    631 |   2 |  788.5 |
        Vaults |   5641 |   5031 |    610 |    207 |   3145 |   4 | 1410.2 |
        Depths |    160 |    157 |      3 |      0 |     40 |   1 |  160.0 |
       Ossuary |    519 |    519 |      0 |    249 |    104 |   1 |  519.0 |
      Ice Cave |    429 |    429 |      0 |      0 |    103 |   1 |  429.0 |
               +--------+--------+--------+--------+--------+-----+--------+

Top non-repeatable levels by time:
Vaults:2: 1682 daAuts
 Snake:4: 1619 daAuts
Vaults:1: 1597 daAuts
  Lair:1: 1259 daAuts
Vaults:3: 1259 daAuts
    D:13: 1236 daAuts
Shoals:1: 1197 daAuts
     D:5: 1166 daAuts
  Lair:4: 1156 daAuts
  Lair:5: 1119 daAuts
    D:11: 1104 daAuts
Shoals:4: 1102 daAuts
Vaults:4: 1102 daAuts
    D:15: 1099 daAuts
  Lair:2: 1092 daAuts
